| TOP OF THE 1ST |
|
Wichita Aeros batting - Pitching for Denver Bears : RHP Jorge Rivera
|
|
Pitching: RHP Jorge Rivera
|
|
|
Batting: SHB Gary Pettis
|
0-0: Foul Ball, location: 2F 0-1: Foul Ball, location: 2F 0-2: Strikes out swinging
|
|
Batting: LHB Omar Guerrero
|
0-0: Fly out, F7 (Flyball, 7, EV 84.4 MPH)
|
|
Batting: LHB Glenn Gulliver
|
0-0: Foul Ball, location: 2F 0-1: Called Strike 0-2: Ball 1-2: Foul Ball, location: 2F 1-2: Ball 2-2: Ball 3-2: Base on Balls
|
|
Batting: LHB Angel Matos
|
0-0: Ball 1-0: Ball 2-0: Ball 3-0: Called Strike 3-1: Base on Balls Glenn Gulliver to second
|
|
Batting: RHB Greg Cypret
|
0-0: Fly out, F4 (Popup, 34, EV 52.5 MPH)
|
| Top of the 1st over - 0 runs, 0 hits, 0 errors, 2 left on base; Wichita 0 - Denver 0 |
| BOTTOM OF THE 1ST |
|
Denver Bears batting - Pitching for Wichita Aeros : LHP Darrell Jackson
|
|
Pitching: LHP Darrell Jackson
|
|
|
Batting: RHB Adolfo Feliz
|
0-0: Ball 1-0: Called Strike 1-1: Ball 2-1: Foul Ball, location: 2F 2-2: TRIPLE (Flyball, 9LD, EV 94.4 MPH)
|
|
Batting: SHB Mark Gilbert
|
0-0: Ball 1-0: SINGLE (Line Drive, 89S, EV 95.0 MPH) Adolfo Feliz scores
|
|
Batting: RHB George A Bell
|
0-0: Ball 1-0: Ball 2-0: Ball 3-0: Called Strike 3-1: Called Strike 3-2: Fly out, F8 (Flyball, 8RD, EV 83.8 MPH)
|
|
Batting: RHB Juan Alvarez
|
0-0: Called Strike 0-1: Called Strike 0-2: Strikes out swinging
|
|
Batting: RHB Francis McCann
|
0-0: Ball 1-0: Called Strike 1-1: Ball Wild Pitch! Mark Gilbert to second 2-1: Swinging Strike 2-2: Ball 3-2: Strikes out swinging
|
| Bottom of the 1st over - 1 run, 2 hits, 0 errors, 1 left on base; Wichita 0 - Denver 1 |
| TOP OF THE 2ND |
|
Wichita Aeros batting - Pitching for Denver Bears : RHP Jorge Rivera
|
|
Batting: LHB James Pellack
|
0-0: Ball 1-0: Foul Ball, location: 2F 1-1: Reached on error, E3 (Groundball, 34S, EV 69.4 MPH)
|
|
Batting: RHB Dave Stenhouse
|
0-0: Called Strike 0-1: Ball 1-1: Foul Ball, location: 2F 1-2: Strikes out swinging
|
|
Batting: RHB Julio Collazo
|
0-0: Swinging Strike 0-1: Ball 1-1: Swinging Strike 1-2: Ball 2-2: Ball 3-2: Base on Balls James Pellack to second
|
|
Batting: RHB Victor Mabee
|
0-0: Called Strike 0-1: Ball 1-1: Foul Ball, location: 2F 1-2: Ball 2-2: Ball 3-2: Strikes out swinging
|
|
Batting: SHB Gary Pettis
|
0-0: Foul Ball, location: 2F 0-1: Ball 1-1: Ground out U3 (Groundball, 3, EV 78.8 MPH)
|
| Top of the 2nd over - 0 runs, 0 hits, 1 error, 2 left on base; Wichita 0 - Denver 1 |
| BOTTOM OF THE 2ND |
|
Denver Bears batting - Pitching for Wichita Aeros : LHP Darrell Jackson
|
|
Batting: LHB Larry Donofrio
|
0-0: Foul Ball, location: 2F 0-1: Swinging Strike 0-2: Strikes out swinging
|
|
Batting: RHB Gomez Barahona
|
0-0: Foul Ball, location: 2F 0-1: Called Strike 0-2: Ball 1-2: Ball 2-2: Foul Ball, location: 2F 2-2: Strikes out swinging
|
|
Batting: RHB Juan Castro
|
0-0: Swinging Strike 0-1: Ball 1-1: Called Strike 1-2: Foul Ball, location: 2F 1-2: Foul Ball, location: 2F 1-2: Foul Ball, location: 2F 1-2: Strikes out swinging
|
| Bottom of the 2nd over - 0 runs, 0 hits, 0 errors, 0 left on base; Wichita 0 - Denver 1 |
| TOP OF THE 3RD |
|
Wichita Aeros batting - Pitching for Denver Bears : RHP Jorge Rivera
|
|
Batting: LHB Omar Guerrero
|
0-0: Ball 1-0: Ground out U3 (Groundball, 34, EV 83.1 MPH)
|
|
Batting: LHB Glenn Gulliver
|
0-0: Ball 1-0: Foul Ball, location: 2F 1-1: Called Strike 1-2: Ball 2-2: Fly out, F7 (Line Drive, 7D, EV 111.9 MPH)
|
|
Batting: LHB Angel Matos
|
0-0: Swinging Strike 0-1: Foul Ball, location: 2F 0-2: Ball 1-2: Strikes out swinging
|
| Top of the 3rd over - 0 runs, 0 hits, 0 errors, 0 left on base; Wichita 0 - Denver 1 |
| BOTTOM OF THE 3RD |
|
Denver Bears batting - Pitching for Wichita Aeros : LHP Darrell Jackson
|
|
Batting: LHB Jesus Figueroa
|
0-0: Ground out 6-3 (Groundball, 6, EV 80.0 MPH)
|
|
Batting: RHB Adolfo Feliz
|
0-0: Swinging Strike 0-1: Ball 1-1: Swinging Strike 1-2: Foul Ball, location: 2F 1-2: Ground out 6-3 (Groundball, 6, EV 88.1 MPH)
|
|
Batting: SHB Mark Gilbert
|
0-0: Ball 1-0: Ground out 5-3 (Groundball, 56, EV 93.1 MPH)
|
| Bottom of the 3rd over - 0 runs, 0 hits, 0 errors, 0 left on base; Wichita 0 - Denver 1 |
| TOP OF THE 4TH |
|
Wichita Aeros batting - Pitching for Denver Bears : RHP Jorge Rivera
|
|
Batting: RHB Greg Cypret
|
0-0: Ball 1-0: Called Strike 1-1: Called Strike 1-2: Ground out 5-3 (Groundball, 56S, EV 81.9 MPH)
|
|
Batting: LHB James Pellack
|
0-0: Foul Ball, location: 2F 0-1: Ball 1-1: Ball 2-1: Called Strike 2-2: Ball 3-2: Fly out, F7 (Flyball, 7S, EV 86.3 MPH)
|
|
Batting: RHB Dave Stenhouse
|
0-0: Ball 1-0: Ball 2-0: Ball 3-0: Base on Balls
|
|
Batting: RHB Julio Collazo
|
0-0: Fielders Choice at 2nd, 6-4 (Groundball, 6, EV 86.9 MPH)
|
| Top of the 4th over - 0 runs, 0 hits, 0 errors, 1 left on base; Wichita 0 - Denver 1 |
| BOTTOM OF THE 4TH |
|
Denver Bears batting - Pitching for Wichita Aeros : LHP Darrell Jackson
|
|
Batting: RHB George A Bell
|
0-0: Fly out, F7 (Flyball, 7LS, EV 98.1 MPH)
|
|
Batting: RHB Juan Alvarez
|
0-0: Called Strike 0-1: Ball 1-1: Ball 2-1: Ball 3-1: Base on Balls
|
|
Batting: RHB Francis McCann
|
0-0: Swinging Strike 0-1: Swinging Strike 0-2: Fielders Choice at 2nd, 5-4 (Groundball, 15, EV 88.1 MPH)
|
|
Batting: LHB Larry Donofrio
|
0-0: Called Strike 0-1: Ball 1-1: Ball 2-1: Swinging Strike 2-2: Strikes out looking
|
| Bottom of the 4th over - 0 runs, 0 hits, 0 errors, 1 left on base; Wichita 0 - Denver 1 |
| TOP OF THE 5TH |
|
Wichita Aeros batting - Pitching for Denver Bears : RHP Jorge Rivera
|
|
Batting: RHB Victor Mabee
|
0-0: Ball 1-0: Ball 2-0: Ball 3-0: Called Strike 3-1: Foul Ball, location: 2F 3-2: Foul Ball, location: 2F 3-2: Single, Error in OF, E9, batter to second base (Groundball, 4D, EV 100.0 MPH)
|
|
Batting: SHB Gary Pettis
|
0-0: Fly out, F9 (Flyball, 9S, EV 88.1 MPH)
|
|
Batting: LHB Omar Guerrero
|
0-0: Fly out, F9 (Line Drive, 8RM, EV 90.0 MPH)
|
|
Batting: LHB Glenn Gulliver
|
0-0: Called Strike 0-1: Ball Wild Pitch! Victor Mabee to third 1-1: Called Strike 1-2: Fly out, F8 (Flyball, 8LD, EV 108.1 MPH)
|
| Top of the 5th over - 0 runs, 1 hit, 1 error, 1 left on base; Wichita 0 - Denver 1 |
| BOTTOM OF THE 5TH |
|
Denver Bears batting - Pitching for Wichita Aeros : LHP Darrell Jackson
|
|
Batting: RHB Gomez Barahona
|
0-0: Foul Ball, location: 2F 0-1: SINGLE (Groundball, 6MD, EV 95.0 MPH)
|
|
Batting: RHB Juan Castro
|
0-0: Bunt missed! 0-1: Bunt missed! 0-2: Foul Ball, location: 2F 0-2: Foul Ball, location: 2F 0-2: Fielders Choice at 2nd, 6-4 (Groundball, 56, EV 83.1 MPH)
|
|
Batting: LHB Jesus Figueroa
|
0-0: Ball Juan Castro is caught stealing 2nd base 2-6 1-0: Swinging Strike 1-1: Foul Ball, location: 2F 1-2: Ground out 4-3 (Groundball, 4, EV 98.8 MPH)
|
| Bottom of the 5th over - 0 runs, 1 hit, 0 errors, 0 left on base; Wichita 0 - Denver 1 |
| TOP OF THE 6TH |
|
Wichita Aeros batting - Pitching for Denver Bears : RHP Jorge Rivera
|
|
Batting: LHB Angel Matos
|
0-0: Ball 1-0: Ball 2-0: Foul Ball, location: 2F 2-1: Called Strike 2-2: Foul Ball, location: 2F 2-2: Strikes out looking
|
|
Batting: RHB Greg Cypret
|
0-0: Foul Ball, location: 2F 0-1: Ground out 5-3 (Groundball, 56, EV 80.6 MPH)
|
|
Batting: LHB James Pellack
|
0-0: SINGLE (Line Drive, 6D, EV 94.4 MPH)
|
|
Batting: RHB Dave Stenhouse
|
0-0: Called Strike James Pellack steals 2nd base 0-1: Foul Ball, location: 2F 0-2: Ball 1-2: Ground out 4-3 (Groundball, 4, EV 107.5 MPH)
|
| Top of the 6th over - 0 runs, 1 hit, 0 errors, 1 left on base; Wichita 0 - Denver 1 |
| BOTTOM OF THE 6TH |
|
Denver Bears batting - Pitching for Wichita Aeros : LHP Darrell Jackson
|
|
Batting: RHB Adolfo Feliz
|
0-0: Called Strike 0-1: Foul Ball, location: 2F 0-2: SINGLE (Line Drive, 8RS, EV 91.9 MPH)
|
|
Batting: SHB Mark Gilbert
|
0-0: Ball 1-0: Called Strike 1-1: Ball 2-1: Fly out, F4 (Flyball, 3D, EV 88.8 MPH)
|
|
Batting: RHB George A Bell
|
0-0: Called Strike 0-1: Called Strike 0-2: Fielders Choice at 2nd, 6-4 (Groundball, 6, EV 83.8 MPH)
|
|
Batting: RHB Juan Alvarez
|
0-0: Called Strike 0-1: Swinging Strike 0-2: Fielders Choice at 2nd, 6-4 (Groundball, 6, EV 83.8 MPH)
|
| Bottom of the 6th over - 0 runs, 1 hit, 0 errors, 1 left on base; Wichita 0 - Denver 1 |
| TOP OF THE 7TH |
|
Wichita Aeros batting - Pitching for Denver Bears : RHP Jorge Rivera
|
|
Batting: RHB Julio Collazo
|
0-0: Ball 1-0: Ball 2-0: Called Strike 2-1: Foul Ball, location: 2F 2-2: Ball 3-2: Base on Balls
|
|
Pinch Hitting: LHB Michael Barnes
|
0-0: Bunt missed! 0-1: Bunt missed! 0-2: Ball 1-2: Ball 2-2: Foul Ball, location: 2F 2-2: Ball 3-2: Base on Balls Julio Collazo to second
|
|
Pinch Runner at 2nd Robert Markham:
|
|
|
Batting: SHB Gary Pettis
|
0-0: Called Strike Michael Barnes steals 2nd base Robert Markham steals 3rd base 0-1: Called Strike 0-2: Foul Ball, location: 2F 0-2: Strikes out swinging
|
|
Batting: LHB Omar Guerrero
|
0-0: Called Strike 0-1: DOUBLE (Flyball, 78XD, EV 110.6 MPH) Robert Markham scores Michael Barnes scores
|
|
Batting: LHB Glenn Gulliver
|
0-0: Foul Ball, location: 2F 0-1: Ball 1-1: Called Strike Omar Guerrero is caught stealing 3rd base 2-5 1-2: Ball 2-2: Ball 3-2: Base on Balls
|
|
Batting: LHB Angel Matos
|
0-0: Ball 1-0: Called Strike 1-1: Foul Ball, location: 2F 1-2: Ball 2-2: Ball 3-2: Foul Ball, location: 2F 3-2: 2-RUN HOME RUN (Flyball, 9LD, EV 93.8 MPH), Distance : 359 ft
|
|
Batting: RHB Greg Cypret
|
0-0: Called Strike 0-1: Ball 1-1: Foul Ball, location: 2F 1-2: DOUBLE (Line Drive, 7LS, EV 100.0 MPH)
|
|
Batting: LHB James Pellack
|
0-0: Ball 1-0: SINGLE (Line Drive, 9S, EV 95.6 MPH) Greg Cypret to third Runner from 3rd tries for Home, SAFE, throw by RF to home
|
|
Pitching: LHP Newt Box
|
|
|
Batting: RHB Dave Stenhouse
|
0-0: Called Strike 0-1: Foul Ball, location: 2F 0-2: Ball 1-2: Ball 2-2: Ball 3-2: Fly out, F4 (Flyball, 34D, EV 87.5 MPH)
|
| Top of the 7th over - 5 runs, 4 hits, 0 errors, 1 left on base; Wichita 5 - Denver 1 |
| BOTTOM OF THE 7TH |
|
Denver Bears batting - Pitching for Wichita Aeros : LHP Darrell Jackson
|
|
Now at 2B: Mike McCain
|
|
|
Now at SS: Jesus Ramos
|
|
|
Batting: RHB Francis McCann
|
0-0: Fly out, F7 (Flyball, 78M, EV 83.8 MPH)
|
|
Batting: LHB Larry Donofrio
|
0-0: Swinging Strike 0-1: Ball 1-1: Swinging Strike 1-2: Ball 2-2: Ball 3-2: Base on Balls
|
|
Batting: RHB Gomez Barahona
|
0-0: Ball 1-0: Swinging Strike 1-1: Swinging Strike 1-2: Foul Ball, location: 2F 1-2: Ball 2-2: Ball 3-2: Fly out, F7 (Line Drive, 7, EV 90.6 MPH)
|
|
Batting: RHB Juan Castro
|
0-0: Fly out, F9 (Flyball, 9LM, EV 86.9 MPH)
|
| Bottom of the 7th over - 0 runs, 0 hits, 0 errors, 1 left on base; Wichita 5 - Denver 1 |
| TOP OF THE 8TH |
|
Wichita Aeros batting - Pitching for Denver Bears : LHP Newt Box
|
|
Batting: LHB Mike McCain
|
0-0: Ground out 4-3 (Groundball, 4S, EV 64.4 MPH)
|
|
Batting: LHB Jesus Ramos
|
0-0: Ball 1-0: Called Strike 1-1: Ground out 4-3 (Groundball, 4, EV 79.4 MPH)
|
|
Batting: SHB Gary Pettis
|
0-0: Called Strike 0-1: Swinging Strike 0-2: Strikes out looking
|
| Top of the 8th over - 0 runs, 0 hits, 0 errors, 0 left on base; Wichita 5 - Denver 1 |
| BOTTOM OF THE 8TH |
|
Denver Bears batting - Pitching for Wichita Aeros : LHP Darrell Jackson
|
|
Batting: LHB Jesus Figueroa
|
0-0: Ball 1-0: Ball 2-0: Called Strike 2-1: Ground out 6-3 (Groundball, 6, EV 108.8 MPH)
|
|
Batting: RHB Adolfo Feliz
|
0-0: Ball 1-0: Foul Ball, location: 2F 1-1: Ball 2-1: Called Strike 2-2: Ball 3-2: Base on Balls
|
|
Batting: SHB Mark Gilbert
|
0-0: Called Strike 0-1: Fielders Choice at 2nd, 4-6 (Groundball, 4, EV 87.5 MPH)
|
|
Batting: RHB George A Bell
|
0-0: Called Strike 0-1: Ball 1-1: Ball 2-1: Called Strike 2-2: Foul Ball, location: 2F 2-2: Foul Ball, location: 2F 2-2: Fielders Choice at 2nd, 5-4 (Groundball, 56, EV 83.8 MPH)
|
| Bottom of the 8th over - 0 runs, 0 hits, 0 errors, 1 left on base; Wichita 5 - Denver 1 |
| TOP OF THE 9TH |
|
Wichita Aeros batting - Pitching for Denver Bears : LHP Newt Box
|
|
Batting: LHB Omar Guerrero
|
0-0: Ball 1-0: Fly out, F8 (Flyball, 8RD, EV 96.9 MPH)
|
|
Batting: LHB Glenn Gulliver
|
0-0: Ball 1-0: Ball 2-0: Called Strike 2-1: Foul Ball, location: 2F 2-2: Ball 3-2: Ground out 1-3 (Groundball, 13, EV 77.5 MPH)
|
|
Batting: LHB Angel Matos
|
0-0: Called Strike 0-1: Ball 1-1: Swinging Strike 1-2: Strikes out looking
|
| Top of the 9th over - 0 runs, 0 hits, 0 errors, 0 left on base; Wichita 5 - Denver 1 |
| BOTTOM OF THE 9TH |
|
Denver Bears batting - Pitching for Wichita Aeros : LHP Darrell Jackson
|
|
Batting: RHB Juan Alvarez
|
0-0: Ball 1-0: Ground out 4-3 (Groundball, 4M, EV 91.9 MPH)
|
|
Batting: RHB Francis McCann
|
0-0: Ball 1-0: Ball 2-0: Swinging Strike 2-1: Fly out, F8 (Flyball, 8RD, EV 107.5 MPH)
|
|
Batting: LHB Larry Donofrio
|
0-0: Foul Ball, location: 2F 0-1: SINGLE (Flyball, 8RS, EV 95.0 MPH)
|
|
Batting: RHB Gomez Barahona
|
0-0: Ball 1-0: Ball 2-0: Called Strike 2-1: Ground out U3 (Groundball, 34, EV 85.0 MPH)
|
| Bottom of the 9th over - 0 runs, 1 hit, 0 errors, 1 left on base; Wichita 5 - Denver 1 |
|